 Dungeon Crawl Stone Soup version 0.17-a0-1714-g35622ae (webtiles) character file.

86 kae the Slasher (level 4, -6/39 HPs)
             Began as a Minotaur Fighter on Aug 23, 2015.
             Splashed by a jelly's acid (8 damage)
             ... on level 3 of the Dungeon.
             The game lasted 00:00:44 (1183 turns).

kae the Slasher (Minotaur Fighter)                  Turns: 1183, Time: 00:00:45

Health: -6/39      AC: -1    Str: 20    XL:     4   Next: 27%
Magic:  3/3        EV:  7    Int:  6    God:
Gold:   103        SH:  9    Dex: 10    Spells: 0 memorised, 3 levels left

rFire  . . .     SeeInvis .     a - +0 long sword
rCold  . . .     Clarity  .     b - +0 scale mail
rNeg   . . .     SustAt   .     c - +0 shield
rPois  .         Gourm    .     (helmet restricted)
rElec  .         Spirit   .     (no cloak)
rCorr  .         Warding  .     (no gloves)
rMut   .         Stasis   .     (no boots)
MR     .....                    (no amulet)
Stlth  ..........               (no ring)
                                (no ring)

@: lethally poisoned (-6 -> -9), corroded equipment, not resistant to hostile
enchantments, extremely unstealthy
A: retaliatory headbutt, horns 2
a: no special abilities


You were on level 3 of the Dungeon.
You were not hungry.

You visited 1 branch of the dungeon, and saw 3 of its levels.

You collected 103 gold pieces.

Inventory:

Hand weapons
 a - a +0 long sword (weapon)
Armour
 b - a +0 scale mail (worn)
 c - a +0 shield (worn)
Scrolls
 g - a scroll of random uselessness {unknown}
 j - a scroll of amnesia {unknown}
 k - a scroll of identify {unknown}
 l - a scroll of recharging {unknown}
 n - 3 scrolls of teleportation {unknown}
 p - a scroll of noise {unknown}
Potions
 d - a potion of might
 f - a potion of curing {unknown}
 i - 2 potions of heal wounds {unknown}
 m - a potion of cure mutation {unknown}
 o - a potion of invisibility {unknown}
Comestibles
 e - a bread ration
 h - a beef jerky


   Skills:
 - Level 3.6 Fighting
 + Level 5.5 Long Blades
 - Level 3.6 Armour
 - Level 3.6 Shields


You had 3 spell levels left.
You didn't know any spells.

Dungeon Overview and Level Annotations

Branches:
Dungeon (3/15)

Altars:
Qazlal


Innate Abilities, Weirdness & Mutations

You reflexively headbutt those who attack you in melee.
You have a pair of horns on your head.


Message History

You are too injured to fight recklessly!
You are too injured to fight recklessly!
You are too injured to fight recklessly!
You are too injured to fight recklessly!
You are too injured to fight recklessly!
You are too injured to fight recklessly!
You are too injured to fight recklessly!
You are too injured to fight recklessly!
You slash the jelly!
Your hands burn!
* * * LOW HITPOINT WARNING * * *
The jelly is severely wounded.
The jelly closely misses you.
You hit the jelly but do no damage.
Your hands burn!
* * * LOW HITPOINT WARNING * * *
The jelly is severely wounded.
* * * LOW HITPOINT WARNING * * *
You feel sick. The jelly hits you.
* * * LOW HITPOINT WARNING * * *
You are splashed with acid!
The acid burns!
You die...

.... .... ...# #....#
....#
##########.#.##.
................
#.J@†#..
#######....#.# ..
#..........#.###....
#..........#<......#
#.........(..##.####
#..........###
########..........###
.............(......#
........†.....†...#.#


You could see a jelly.

Vanquished Creatures
  2 adders
  2 oozes
  3 worms
  2 giant geckos (D:1)
  A ball python (D:1)
  5 bats
  3 giant cockroaches
  5 hobgoblins
  4 jackals
  A quokka (D:2)
  3 giant newts
  8 goblins
  3 kobolds
  9 rats
51 creatures vanquished.

Notes
Turn   | Place    | Note
--------------------------------------------------------------
     0 | D:1      | kae the Minotaur Fighter began the quest for the Orb.
     0 | D:1      | Reached XP level 1. HP: 19/19 MP: 0/0
   122 | D:1      | Reached XP level 2. HP: 17/26 MP: 1/1
   352 | D:1      | Reached skill level 4 in Long Blades
   421 | D:1      | Reached XP level 3. HP: 31/31 MP: 2/2
   740 | D:2      | Reached skill level 5 in Long Blades
   778 | D:2      | Reached XP level 4. HP: 36/39 MP: 3/3
   787 | D:2      | Found a stormy altar of Qazlal.
  1183 | D:3      | Splashed by a jelly's acid

Vault maps used:
D:1:      minmay_arrival_glassed_features
D:2:      nicolae_qazlal_general_emergency
D:3:      grunt_temple_overflow_open, minmay_misc_feat_encased, okawaru_trees_2

Action                   |  1- 3 |  4- 6 || total
-------------------------+-------+-------++-------
Melee: Long sword        |   103 |    27 ||   130
  Eat: Chunk             |       |     1 ||     1
